 Dungeon Crawl Stone Soup version 0.31-a0-691-g409c26aa35 (console) character file.

Game seed: 4259893708954908288

191330 petzl the Thaumaturge (level 19, -18/94 (134) HPs)
             Began as a Formicid Delver on Sept 7, 2023.
             Was the Champion of Vehumet.
             Demolished by a large abomination (27 damage)
             ... on level 2 of the Abyss on Sept 8, 2023.
             The game lasted 05:45:31 (44785 turns).

petzl the Thaumaturge (Formicid Delver)            Turns: 44785, Time: 05:45:31

HP:   -18/94 (134)  AC: 14    Str: 29    XL:     19   Next: 35%
MP:   37/37         EV: 17    Int: 17    God:    Vehumet [******]
Gold: 1525          SH: 29    Dex: 16    Spells: 2/47 levels left

rFire   . . .        a - +10 hand axe {elec, rElec Str+5 Int+4, !f =f}
rCold   . . .        H - +2 tower shield "Cunki" {Str+6 Dex+5 Slay+3}
rNeg    . . .        L - +5 leather armour "Okloff" {Regen+}
rPois   .            (helmet unavailable)
rElec   +            X - scarf {repulsion}
rCorr   .            G - +0 pair of gloves of Diwnalel {Stlth+}
SInv    +            q - +0 pair of boots
Will    +....        r - amulet of reflection
Stlth   +++++        l - +4 ring of protection
HPRegen 1.15/turn    m - +5 ring of evasion
MPRegen 0.25/turn

%: repel missiles, reflection
@: studying Necromancy, very heavily drained
A: permanent stasis, dig shafts and tunnels, antennae 3, four strong arms, large
bone plates 1, [clumsy 2], [deformed body], [dopey 2], inability to drink after
injury 1[+1], [inability to read after injury 1]
a: Dig, Shaft Self, Renounce Religion


You were on level 2 of the Abyss.
You worshipped Vehumet.
Vehumet was exalted by your worship.
You visited 6 branches of the dungeon, and saw 30 of its levels.
You visited the Abyss 1 time.
You also visited: Ice Cave.

You collected 4032 gold pieces.
You spent 2507 gold pieces at shops.

Inventory:

Hand Weapons
 a - the +10 hand axe of Yeast (weapon) {elec, rElec Str+5 Int+4, !f =f}
   (You bought it in a shop on level 2 of the Orcish Mines)

   Str+5:     It affects your strength (+5).
   Int+4:     It affects your intelligence (+4).
   rElec:     It insulates you from electricity.
 b - a +4 shortbow
 Z - a +2 scimitar of flaming
Missiles
 z - 30 javelins
 S - 4 curare-tipped darts
Armour
 e - a +2 robe of resistance
 o - a +2 robe of willpower
 q - a +0 pair of boots (worn)
 G - the +0 pair of gloves of Diwnalel (worn) {Stlth+}
   (You found it on level 3 of the Spider Nest)

   Stlth+:    It makes you more stealthy.
 H - the +2 tower shield "Cunki" (worn) {Str+6 Dex+5 Slay+3}
   (You bought it in a shop on level 14 of the Dungeon)

   Str+6:     It affects your strength (+6).
   Dex+5:     It affects your dexterity (+5).
   Slay+3:    It affects your accuracy & damage with ranged weapons and melee
   (+3).
 L - the +5 leather armour "Okloff" (worn) {Regen+}
   (You bought it in a shop on level 10 of the Dungeon)

   Regen+:    It increases your rate of health regeneration.
 X - a scarf of repulsion (worn)
Jewellery
 i - a ring of wizardry
 l - a +4 ring of protection (left hand)
 m - a +5 ring of evasion (right hand)
 p - an amulet of regeneration
 r - an amulet of reflection (around neck)
 J - a ring of poison resistance
Wands
 j - a wand of roots (15)
 n - a wand of polymorph (11)
 t - a wand of flame (8)
 A - a wand of mindburst (11)
 O - a wand of paralysis (14)
Scrolls
 d - 13 scrolls of identify
 h - a scroll of torment
 x - a scroll of amnesia
 y - 6 scrolls of revelation
 B - 4 scrolls of poison
 F - a scroll of enchant weapon
 I - 3 scrolls of enchant armour
 V - 7 scrolls of fear
Potions
 k - 3 potions of lignification
 s - 2 potions of curing
 w - 2 potions of heal wounds
 D - a potion of ambrosia
 E - 3 potions of brilliance
 P - a potion of enlightenment
 Q - a potion of cancellation


   Skills:
 - Level 8.0 Fighting
 - Level 2.2 Maces & Flails
 - Level 4.0 Ranged Weapons
 - Level 9.0 Armour
 - Level 5.0 Dodging
 - Level 9.0 Stealth
 - Level 12.7 Shields
 + Level 14.8 Spellcasting
 + Level 14.7 Conjurations
 - Level 4.0 Hexes
 - Level 8.0 Necromancy
 - Level 6.0 Translocations
 - Level 1.6 Transmutations
 * Level 11.7 Fire Magic
 - Level 6.3 Ice Magic
 - Level 9.4 Air Magic
 - Level 6.0 Poison Magic


You had 2 spell levels left.
You knew the following spells:

 Your Spells              Type           Power      Damage    Failure   Level
a - Poisonous Vapours     Pois/Air       76%        N/A       1%          2
b - Magic Dart            Conj           100%       1d8       1%          1
c - Iskenderun's Mystic   Conj/Tloc      47%        2d10      1%          4
d - Plasma Beam           Fire/Air       24%        2x1d36    8%          6
l - Freezing Cloud        Conj/Ice/Air   23%        6-21      1%          5
o - Orb of Destruction    Conj           29%        9d9       8%          7
s - Sticky Flame          Conj/Fire      55%        2d7       1%          4
u - Sublimation of Blood  Necr           39%        N/A       1%          2
w - Slow                  Hex            100%       N/A       2%          1
C - Conjure Ball Lightni  Conj/Air       26%        3x3d7     4%          6
I - Ignite Poison         Fire/Tmut/Pois 34%        N/A       1%          3
T - Olgreb's Toxic Radia  Pois           33%        N/A       3%          4

Your spell library contained the following spells:

 Spells                   Type           Power      Damage    Failure   Level
 Chain Lightning          Conj/Air       26%        3d34      100%        9
 Fire Storm               Conj/Fire      27%        8d7       100%        9
 Polar Vortex             Ice            17%        12d2*     100%        9
 Scorch                   Fire           100%       2d9       1%          2
 Searing Ray              Conj           100%       2d8       1%          2
 Sting                    Tmut/Pois      100%       1d8       3%          1
 Summon Small Mammal      Summ           48%        N/A       14%         1
 Call Imp                 Summ           24%        N/A       22%         2
 Frozen Ramparts          Ice            68%        1d11      1%          3
 Vampiric Draining        Necr           39%        2d8       1%          3
 Volatile Blastmotes      Fire/Tloc      84%        2d17      1%          3
 Fulminant Prism          Conj/Hex       22%        3d12      1%          4
 Ozocubu's Armour         Ice            34%        N/A       3%          3
 Irradiate                Conj/Tmut      20%        3d18      4%          5
 Animate Dead             Necr           39%        N/A       5%          4
 Confusing Touch          Hex            26%        N/A       9%          3
 Summon Guardian Golem    Hex/Summ       19%        N/A       19%         3
 Call Canine Familiar     Summ           12%        N/A       38%         3
 Borgnjor's Vile Clutch   Necr/Erth      13%        N/A       58%         5
 Death Channel            Necr           19%        N/A       63%         6
 Petrify                  Tmut/Erth      15%        N/A       69%         4
 Eringya's Noxious Bog    Tmut/Pois      12%        4d6       71%         6
 Summon Forest            Summ/Tloc      11%        N/A       75%         5
 Spellforged Servitor     Conj/Summ      18%        N/A       78%         7
 Ignition                 Fire           25%        3d9       85%         8
 Ozocubu's Refrigeration  Ice            17%        4d11      88%         7
 Summon Hydra             Summ           6%         N/A       100%        7


Dungeon Overview and Level Annotations

Branches:
Dungeon (15/15)            Temple (1/1) D:7            Lair (5/5) D:11
  Swamp (0/4) Lair:3       Spider (4/4) Lair:2        Slime (0/5) Lair:4
    Orc (2/2) D:10            Elf (3/3) Orc:2        Vaults (0/5) D:14
 Depths (0/4) D:15          IceCv (visited)

Altars:
Ashenzari
Cheibriados
Dithmenos
Elyvilon
Fedhas
Gozag
Hepliaklqana
Kikubaaqudgha
Makhleb
Nemelex Xobeh
Okawaru
Qazlal
Ru
Sif Muna
Trog
Uskayaw
Vehumet
Wu Jian
Xom
Yredelemnul
Zin
The Shining One
Jiyva

Shops:
D:10 *   D:14 *[(   Orc:2 **((   Elf:2 (

Annotations:
D:9 1 transporter
D:15 exclusion: upstairs
Elf:2 3 runed translucent doors


Innate Abilities, Weirdness & Mutations

You cannot be hasted, slowed, berserked, paralysed or teleported.
You can dig through walls and to a lower floor.
You have a pair of large antennae on your head. (SInv)
Your four strong arms can wield two-handed weapons with a shield.
You are partially covered in large bone plates. (SH +4)
[You are very clumsy. (Dex -4)]
[Armour fits poorly on your strangely shaped body.]
[You are very dopey. (Int -4)]
[You sometimes lose the ability to drink potions when taking damage.]
[You occasionally lose the ability to read scrolls when taking damage.]


Message History

You block the dread lich's attack.
The cacodemon gestures next to the starspawn tentacle segment.
The damaged grate falls apart.
The dread lich attacks as it pursues you!
You block the dread lich's attack.
The cacodemon gestures next to the hell beast.
The damaged grate falls apart.
Your resistance to elements expires.
The dread lich attacks as it pursues you!
You block the dread lich's attack.
A wretched star comes into view.
The dread lich touches you but does no damage.
The cacodemon gestures at the rock wall.
Some rock shatters into small pieces.
The Tzitzimitl calls on the powers of darkness!
Your body is wracked with pain!
* * * LOW HITPOINT WARNING * * *
You extend your mandibles.
You dig through the rock wall.
You feel drained.
A blink frog comes into view.
The dread lich attacks as it pursues you!
You block the dread lich's attack. The dread lich completely misses you.
The Brimstone Fiend calls on the powers of darkness!
Your body is wracked with pain!
* * * LOW HITPOINT WARNING * * *
The Tzitzimitl calls on the powers of darkness!
Your body is wracked with pain!
* * * LOW HITPOINT WARNING * * *
You retract your mandibles.
The starspawn tentacle grabs you. The starspawn tentacle constricts you.
You escape the starspawn tentacle's grasp.
You block the dread lich's attack.
There is an open door here.
The dread lich attacks as it pursues you!
You block the dread lich's attack.
The dread lich gestures at you while chanting.
You barely resist.
The dread lich is no longer moving quickly.
The large abomination hits you!!
You die...

.. { 4.. ######
#...#..... ...#....
..'...'....
......#...#######
.#...#...L.@...#.
#...#...#X.......# ..
#....###X####.#..# ...
#....#.#2{...... .
....####.###2..*......
....###..3X..........
#+####.##.∩11########
# . ......5...#. ....
.......##..##.....
####### #..#...#### #
...... x .#....#{.
....... . .#.#..#
..##..####....# #..##.
##.# . . . ...... #
#..## ... .... .. .#..
..##. # .#. #. { #.
#.. ## .#.# ... .... #
.## ##


You could see a dread lich (invisible), a Brimstone Fiend (summoned), a
tentacled starspawn, a hell beast (summoned), a thrashing horror, a large
abomination, a ynoxinul and an iron imp.

Vanquished Creatures
  Jorgrun (Orc:1)
  2 tentacled starspawn (Abyss:2)
  Agnes (Elf:1)
  Donald (Spider:3)
  An emperor scorpion (Spider:1)
  A balrug (Abyss:2)
  An orc warlord (Orc:2)
  A ghost moth (Spider:3)
  2 broodmothers
  The ghost of soul19 the Warrior, a journeyman GrFi of Jiyva (D:11)
  Azrael (D:13)
  Nessos (D:12)
  A dire elephant (shapeshifter) (D:13)
  A spark wasp (Spider:1)
  Snorg (D:12)
  Josephine (Spider:1)
  2 entropy weavers
  2 fire dragons
  The ghost of ytrimaz the Nimble, a journeyman OpSh of Ashenzari (Orc:1)
  Harold (Lair:2)
  6 hydras (Lair:5)
  Erica (D:8)
  Fannar (Orc:1)
  4 vault guards (D:14)
  A radroach (Spider:3)
  7 centaur warriors
  9 death yaks
  8 dancing weapons
  9 boulder beetles
  15 two-headed ogres
  A vampire mage (D:15)
  2 tengu warriors
  An orc high priest (Orc:2)
  Sonja (Lair:3)
  2 demonic crawlers
  Urug (Lair:1)
  Nergalle (Lair:1)
  A sun demon (Abyss:2)
  2 skysharks
  4 deep elf knights (Elf:1)
  A sixfirhy (Abyss:2)
  2 pharaoh ants
  A wretched star (Abyss:2)
  6 orb spiders
  The ghost of avis the Nimble, a novice FeSh of Gozag (Lair:1)
  A shadow demon (Abyss:2)
  10 orc knights
  3 bog bodies (Lair:3)
  3 sun moths
  A deep elf archer (Elf:3)
  2 lindwurms (Lair:5)
  2 necromancers
  A glowing orange brain (Lair:1)
  13 deep elf zephyrmancers
  14 deep elf pyromancers
  22 ugly things
  3 steelbarb worms
  7 cyclopes
  8 orc sorcerers
  17 wolf spiders
  4 manticores
  3 moths of wrath (Spider:3)
  2 fire giant skeletons (D:15)
  5 black mambas
  Joseph (D:8)
  5 torpor snails
  3 molten gargoyles (Lair:5)
  21 elephants
  Maurice (D:8)
  An eye of devastation (Abyss:2)
  An ice statue (IceCv)
  4 large abominations (Abyss:2)
  Jeremiah (D:8)
  An unseen horror (shapeshifter) (D:15)
  Maggie (D:6)
  13 cane toads
  4 rime drakes
  An unseen horror (D:8)
  An efreet (D:8)
  3 kobold demonologists
  2 tengu conjurers
  13 komodo dragons
  2 guardian mummies (D:15)
  13 ice devils (IceCv)
  3 freezing wraiths (IceCv)
  10 trolls
  An ancient zyme (Abyss:2)
  6 meliai
  A merfolk (D:12)
  A wind drake (shapeshifter) (D:15)
  3 polar bears
  9 saltlings (Orc:2)
  2 hornets
  21 tarantellas
  A raiju (Abyss:2)
  9 blink frogs
  13 slime creatures
  25 jumping spiders
  2 centaur simulacra
  A spriggan (Lair:4)
  A flying skull (Abyss:2)
  A shadow (D:11)
  2 air elementals (Elf:1)
  A vampire (D:12)
  15 culicivoras
  A dire elephant simulacrum (IceCv)
  55 yaks
  8 wraiths
  5 wyverns
  A hog (shapeshifter) (D:15)
  11 basilisks
  A chaos spawn (Abyss:2)
  4 fire elementals (D:13)
  Grum (Lair:1)
  54 redbacks
  4 steam dragons
  3 neqoxecs (Abyss:2)
  4 death yak simulacra (IceCv)
  4 vampire mosquitoes (D:12)
  A glowing shapeshifter zombie (D:15)
  3 wargs (Orc:2)
  A harpy simulacrum (IceCv)
  A tengu zombie (D:15)
  2 swamp worms (Lair:3)
  3 acid dragons
  12 water moccasins
  4 hell hounds
  A floating eye (shapeshifter) (D:14)
  4 hydra simulacra (IceCv)
  17 orc warriors
  10 black bears
  3 ice beasts (D:5)
  2 sky beasts (D:6)
  A meliai simulacrum (D:14)
  11 wolves
  3 ogres
  19 centaurs
  A phantom (D:7)
  4 kobold brigands
  13 bullfrogs
  3 gnoll sergeants
  A scorpion (D:5)
  2 cane toad simulacra (IceCv)
  9 wights
  5 small abominations (Abyss:2)
  10 killer bees
  5 elephant simulacra (IceCv)
  3 electric eels
  6 howler monkeys
  5 lava snakes (Lair:5)
  A quasit (Abyss:2)
  An iron imp (Abyss:2)
  3 hounds
  9 jellies
  2 gnoll boudas
  21 orc priests
  2 sleepcaps
  2 iguanas (D:4)
  21 orc wizards
  5 polar bear simulacra (IceCv)
  2 spriggan simulacra (IceCv)
  4 wolf simulacra (IceCv)
  Robin (D:3)
  32 gnolls
  9 adders
  A shadow imp (D:6)
  13 white imps
  5 ufetubi
  2 worms
  A dart slug (D:2)
  54 orcs
  3 ball pythons
  6 endoplasms
  3 giant cockroaches
  15 goblins
  11 hobgoblins
  8 jackals
  17 kobolds
  2 quokkas
  7 bats
  2 frilled lizards
  5 rats
  3 ball lightnings (D:15)
  A lurking horror (Abyss:2)
  2 starspawn tentacles (Abyss:2)
1050 creatures vanquished.

Vanquished Creatures (collateral kills)
  21 ball lightnings
21 creatures vanquished.

Vanquished Creatures (others)
  292 ball lightnings
  12 starspawn tentacles (Abyss:2)
304 creatures vanquished.

Grand Total: 1375 creatures vanquished

Notes
Turn   | Place    | Note
-------+----------+-------------------------------------------
     0 | D:5      | petzl the Formicid Delver began the quest for the Orb.
     0 | D:5      | Reached XP level 1. HP: 18/18 MP: 1/1
     3 | D:6      | Noticed an orc priest
     3 | D:6      | Noticed an orc wizard
     3 | D:6      | Noticed an orc priest
     4 | D:6      | Noticed a water moccasin
    94 | D:5      | Noticed an ice beast
   113 | D:5      | Noticed an iguana
   162 | D:4      | Noticed an iguana
   167 | D:4      | Reached XP level 2. HP: 24/24 MP: 2/2
   189 | D:4      | Reached XP level 3. HP: 13/29 MP: 2/6
   278 | D:4      | You fall into a shaft and drop 3 floors!
   364 | D:7      | Found a glowing golden altar of the Shining One.
   391 | D:7      | Found a staircase to the Ecumenical Temple.
   406 | Temple   | Entered the Ecumenical Temple
   443 | Temple   | Became a worshipper of Vehumet
   527 | D:7      | Noticed a killer bee
   569 | D:6      | Reached XP level 4. HP: 35/35 MP: 7/7
   581 | D:6      | Noticed a sky beast
   583 | D:6      | Identified the +1 mace "Arbiter" {pain, Fragile rF+ rC+}
   601 | D:5      | Reached skill level 1 in Ranged Weapons
   611 | D:5      | Noticed a scorpion
   715 | D:4      | Reached XP level 5. HP: 13/41 MP: 9/9
   958 | D:3      | Noticed Robin
   982 | D:3      | You fall into a shaft and drop 3 floors!
  1059 | D:6      | Noticed a kobold brigand
  1214 | D:6      | You fall into a shaft and drop 2 floors!
  1286 | D:8      | Noticed a hornet
  1339 | D:7      | Noticed a phantom
  1361 | D:5      | Noticed an ice beast
  1567 | D:2      | Learned a level 2 spell: Poisonous Vapours
  1572 | D:2      | Learned a level 4 spell: Olgreb's Toxic Radiance
  1574 | D:2      | Learned a level 1 spell: Slow
  1620 | D:2      | Reached * piety under Vehumet
  1620 | D:2      | Offered knowledge of Magic Dart by Vehumet.
  1623 | D:2      | Learned a level 1 spell: Magic Dart
  1719 | D:1      | Reached XP level 6. HP: 47/47 MP: 11/11
  2381 | D:1      | Reached skill level 1 in Poison Magic
  2804 | D:2      | Reached ** piety under Vehumet
  2804 | D:2      | Offered knowledge of Scorch by Vehumet.
  2808 | D:2      | Learned a level 2 spell: Scorch
  3299 | D:3      | Identified the +6 long sword of Due Proportion {protect,
                  | rF- Will- rCorr MP+9}
  3711 | D:3      | Reached skill level 1 in Hexes
  4170 | D:4      | Gained mutation: You are partially covered in large bone
                  | plates. (SH +4) [potion of mutation]
  4306 | D:3      | Killed Robin
  4388 | D:4      | Reached XP level 7. HP: 48/52 MP: 11/12
  4389 | D:4      | Reached skill level 1 in Conjurations
  4592 | D:4      | Identified the +2 robe "Woesatya" {Str-5 Dex+9 Archmagi}
  4725 | D:4      | Reached skill level 1 in Air Magic
  5557 | D:5      | Reached XP level 8. HP: 58/58 MP: 14/14
  6149 | D:6      | Reached skill level 5 in Poison Magic
  6525 | D:6      | Offered knowledge of Inner Flame by Vehumet.
  6528 | D:6      | Noticed Maggie
  6552 | D:6      | Killed Maggie
  6553 | D:6      | Reached skill level 5 in Spellcasting
  6553 | D:6      | Reached XP level 9. HP: 29/64 MP: 9/17
  6554 | D:6      | You fall into a shaft and drop 2 floors!
  7812 | D:7      | Reached *** piety under Vehumet
  8396 | D:8      | Offered knowledge of Frozen Ramparts by Vehumet.
  8538 | D:8      | Noticed Erica
  8701 | D:8      | Noticed Joseph
  8720 | D:8      | Killed Joseph
  8721 | D:8      | Reached skill level 5 in Conjurations
  8721 | D:8      | Reached XP level 10. HP: 63/70 MP: 11/20
  9070 | D:8      | Noticed an unseen horror
  9083 | D:8      | Noticed a centaur warrior
  9085 | D:8      | Killed an unseen horror
  9167 | D:9      | Identified the +0 ring mail of the Engineer {rElec rF-
                  | Will+ MP+9 Int+2}
  9173 | D:9      | Reached **** piety under Vehumet
  9228 | D:9      | Learned a level 3 spell: Frozen Ramparts
  9260 | D:9      | Noticed a two-headed ogre
  9281 | D:9      | Killed a two-headed ogre
  9335 | D:9      | Reached skill level 1 in Armour
  9335 | D:9      | Reached skill level 1 in Fire Magic
  9335 | D:9      | Reached skill level 1 in Ice Magic
  9394 | D:8      | Killed a centaur warrior
  9532 | D:8      | Noticed a two-headed ogre
  9541 | D:8      | Killed a two-headed ogre
  9542 | D:8      | Reached XP level 11. HP: 77/77 MP: 18/23
  9593 | D:8      | Noticed a cyclops
  9595 | D:8      | Noticed a tengu warrior
  9615 | D:8      | Killed a cyclops
  9654 | D:8      | Noticed a centaur warrior
  9655 | D:8      | Killed a tengu warrior
  9731 | D:8      | Noticed a white ugly thing
  9765 | D:8      | Killed a white ugly thing
  9765 | D:8      | Offered knowledge of Freezing Cloud by Vehumet.
  9772 | D:8      | Learned a level 5 spell: Freezing Cloud
  9895 | D:8      | Noticed a deep elf pyromancer
  9913 | D:8      | Killed a deep elf pyromancer
  9968 | D:8      | Reached skill level 5 in Fighting
 10098 | D:8      | Killed a centaur warrior
 10580 | D:8      | Noticed Jeremiah
 10585 | D:8      | Killed Jeremiah
 11005 | D:8      | Noticed Maurice
 11008 | D:8      | Killed Maurice
 11041 | D:8      | Reached skill level 1 in Shields
 11795 | D:8      | Killed Erica
 11891 | D:9      | Found a sparkling altar of Nemelex Xobeh.
 11891 | D:9      | Found a transporter.
 11919 | D:10     | Entered Level 10 of the Dungeon
 12051 | D:9      | Noticed a two-headed ogre
 12069 | D:9      | Killed a two-headed ogre
 12070 | D:9      | Reached XP level 12. HP: 49/86 MP: 19/25
 12207 | D:9      | Found a burning altar of Makhleb.
 12212 | D:9      | Found a hazy altar of Hepliaklqana.
 12269 | D:9      | Noticed a centaur warrior
 12454 | D:10     | Found a staircase to the Orcish Mines.
 12964 | D:10     | Reached skill level 5 in Air Magic
 13278 | D:10     | Reached ***** piety under Vehumet
 13386 | D:10     | Noticed a two-headed ogre
 13390 | D:10     | Killed a two-headed ogre
 13513 | D:10     | Found Sohum's General Store.
 13519 | D:10     | Bought a scroll of identify for 22 gold pieces
 13519 | D:10     | Bought a scroll of acquirement for 572 gold pieces
 13519 | D:10     | Bought a scroll of immolation for 44 gold pieces
 13519 | D:10     | Bought a scroll of identify for 22 gold pieces
 13519 | D:10     | Bought the +5 leather armour "Okloff" {Regen+} for 374 gold
                  | pieces
 13519 | D:10     | Bought a wand of paralysis (5) for 132 gold pieces
 13767 | D:11     | Offered knowledge of Lee's Rapid Deconstruction by Vehumet.
 13949 | D:11     | Reached skill level 5 in Ice Magic
 14099 | D:11     | Noticed a boulder beetle
 14124 | D:11     | Killed a boulder beetle
 14235 | D:11     | Found a staircase to the Lair.
 14337 | D:11     | Reached skill level 5 in Shields
 14626 | D:11     | Noticed a two-headed ogre
 14629 | D:11     | Killed a two-headed ogre
 14815 | D:12     | Noticed soul19's ghost (journeyman GrFi)
 14815 | D:12     | Noticed Nessos
 14815 | D:12     | Found a runed translucent door.
 14849 | D:12     | Noticed Snorg
 14912 | D:11     | Reached XP level 13. HP: 38/93 MP: 24/26
 15093 | Orc:1    | Entered Level 1 of the Orcish Mines
 15502 | Orc:1    | Noticed Fannar
 15524 | Orc:1    | Killed Fannar
 15525 | Orc:1    | Reached skill level 5 in Armour
 15654 | Orc:1    | Noticed ytrimaz's ghost (journeyman OpSh)
 15654 | Orc:1    | Identified the +2 great mace of In Flagrante Delicto
                  | {antimagic, Drain Int+5}
 15655 | Orc:1    | Found a transporter.
 15660 | Orc:1    | Found a transporter.
 15919 | Orc:2    | Entered Level 2 of the Orcish Mines
 15919 | Orc:2    | Found a staircase to the Elven Halls.
 15934 | Orc:2    | Noticed Jorgrun
 16032 | Orc:1    | Killed Jorgrun
 16906 | Orc:2    | Reached skill level 5 in Dodging
 17212 | Orc:2    | Reached skill level 5 in Fire Magic
 17679 | Orc:2    | Found Guecsid's General Store.
 17686 | Orc:2    | Bought a potion of might for 60 gold pieces
 17702 | Orc:2    | Learned a level 4 spell: Sticky Flame
 17710 | Orc:2    | Learned a level 7 spell: Orb of Destruction
 17714 | Orc:2    | Learned a level 3 spell: Ignite Poison
 17728 | Orc:2    | Noticed an orc warlord
 17743 | Orc:2    | Killed an orc warlord
 17744 | Orc:2    | Reached skill level 10 in Spellcasting
 17749 | Orc:2    | Reached XP level 14. HP: 100/100 MP: 23/28
 17888 | Orc:2    | Offered knowledge of Arcjolt by Vehumet.
 17902 | Orc:2    | Reached skill level 10 in Conjurations
 18003 | Orc:2    | Found Qyan's Weapon Shop.
 18003 | Orc:2    | Found Cuicym's Antique Weapon Shop.
 18018 | Orc:2    | Found Pehaw's General Store.
 18113 | Orc:2    | Bought a brightly glowing hand axe for 184 gold pieces
 18113 | Orc:2    | Identified the +10 hand axe of Yeast {elec, rElec Str+5
                  | Int+4} (You bought it in a shop on level 2 of the Orcish
                  | Mines)
 18137 | Orc:2    | Bought a scroll of fog for 68 gold pieces
 18255 | Orc:1    | You fall into a shaft and drop 1 floor!
 18351 | Orc:1    | Killed ytrimaz's ghost
 18527 | Lair:1   | Entered Level 1 of the Lair of Beasts
 18624 | Lair:1   | Noticed Urug
 18629 | Lair:1   | Killed Urug
 18780 | Lair:2   | Noticed Harold
 18858 | Lair:1   | Found a runed translucent gate.
 18858 | Lair:1   | Found a runed translucent gate.
 18859 | Lair:1   | Found a runed translucent gate.
 18862 | Lair:1   | Noticed avis's ghost (novice FeSh)
 18879 | Lair:1   | Noticed Nergalle
 18884 | Lair:1   | Killed Nergalle
 19374 | Lair:2   | Found a dark tunnel.
 19756 | Lair:2   | Found a hole to the Spider Nest.
 20000 | Lair:2   | Killed Harold
 20885 | Lair:3   | Reached XP level 15. HP: 105/105 MP: 19/29
 20956 | Lair:3   | Noticed Sonja
 21037 | Lair:3   | Found a white marble altar of Elyvilon.
 22116 | Lair:5   | Entered Level 5 of the Lair of Beasts
 22198 | Lair:4   | Offered knowledge of Conjure Ball Lightning by Vehumet.
 22394 | Lair:4   | Found a staircase to the Slime Pits.
 23012 | Lair:5   | Learned a level 6 spell: Conjure Ball Lightning
 23109 | Lair:5   | Identified the +0 robe of Spaghetti {*Corrode rC+ Int+7
                  | Dex+3}
 23652 | Lair:5   | Reached ****** piety under Vehumet
 24332 | Lair:5   | Offered knowledge of Irradiate by Vehumet.
 24455 | Lair:5   | Reached XP level 16. HP: 111/111 MP: 28/33
 24712 | Lair:5   | Found a large runed translucent door.
 24748 | Lair:5   | Found a large runed translucent door.
 25529 | Lair:3   | Killed Sonja
 25586 | Lair:3   | Found a staircase to the Swamp.
 25818 | Lair:1   | Noticed Grum
 25824 | Lair:1   | Killed Grum
 26141 | Lair:1   | Found a viscous altar of Jiyva.
 26395 | Lair:1   | You fall into a shaft and drop 1 floor!
 26495 | Lair:1   | Killed avis's ghost
 26587 | Lair:1   | Identified the +8 fire dragon scales of Darkness {Harm Fly
                  | rF++ rC- rN+ Str-4}
 27262 | D:12     | You fall into a shaft and drop 1 floor!
 27444 | D:13     | Found a frozen archway.
 27526 | IceCv    | Entered an ice cave
 27710 | IceCv    | Offered knowledge of Plasma Beam by Vehumet.
 27985 | IceCv    | Reached skill level 1 in Transmutations
 28564 | IceCv    | Found an ancient bone altar of Kikubaaqudgha.
 28589 | IceCv    | Learned a level 6 spell: Plasma Beam
 28824 | IceCv    | Identified the +0 scale mail "Gerph" {Str+4 Dex+4}
 29264 | D:13     | Noticed Azrael
 29279 | D:13     | Killed Azrael
 30059 | D:12     | Killed Snorg
 30171 | D:12     | Killed Nessos
 30296 | D:11     | Reached XP level 17. HP: 103/117 MP: 35/35
 30580 | D:12     | Acquired 723 gold pieces
 30909 | D:14     | Found Raog's Mass Market.
 30915 | D:14     | Bought the +2 tower shield "Cunki" {Str+6 Dex+5 Slay+3} for
                  | 1029 gold pieces
 30956 | D:14     | Found Xioczin's Armour Emporium.
 31284 | D:14     | Offered knowledge of Eringya's Noxious Bog by Vehumet.
 31571 | D:14     | Found a gate to the Vaults.
 31729 | D:14     | Found Naiqoips's Weapon Emporium.
 32320 | D:15     | Entered Level 15 of the Dungeon
 32327 | D:15     | Reached skill level 10 in Shields
 32683 | D:15     | Reached skill level 10 in Fire Magic
 33499 | D:15     | Found a staircase to the Depths.
 33613 | D:15     | Found a shadowy altar of Dithmenos.
 34464 | D:11     | You fall into a shaft and drop 2 floors!
 34526 | D:11     | You fall into a shaft and drop 3 floors!
 34970 | D:11     | Found a staircase to the Lair.
 35123 | D:11     | Killed soul19's ghost
 35251 | Spider:1 | Entered Level 1 of the Spider Nest
 35256 | Lair:2   | Offered knowledge of Maxwell's Capacitive Coupling by
                  | Vehumet.
 35360 | Spider:1 | Noticed Josephine
 35390 | Spider:1 | Killed Josephine
 36516 | Spider:2 | Reached XP level 18. HP: 125/125 MP: 26/36
 36705 | Spider:3 | Offered knowledge of Fire Storm by Vehumet.
 36705 | Spider:3 | Offered knowledge of Chain Lightning by Vehumet.
 36705 | Spider:3 | Offered knowledge of Polar Vortex by Vehumet.
 37906 | Spider:1 | Got Sif Muna's Compilation of Familiar Teratogeny
 39338 | Spider:4 | Entered Level 4 of the Spider Nest
 40006 | Spider:3 | Learned a level 4 spell: Iskenderun's Mystic Blast
 40082 | Spider:3 | Identified the -2 robe of Knowledge {Archmagi}
 40085 | Spider:3 | Identified the +0 pair of gloves of Diwnalel {Stlth+}
 40311 | Spider:4 | Reached skill level 1 in Translocations
 40541 | Spider:3 | Noticed Donald
 40587 | Spider:3 | Killed Donald
 40736 | Spider:3 | Identified the +1 robe of Tomorrow {Int+4 SInv}
 41554 | Elf:1    | Entered Level 1 of the Elven Halls
 41829 | Elf:1    | Reached skill level 5 in Translocations
 42272 | Elf:1    | Noticed Agnes
 42282 | Elf:1    | Killed Agnes
 42290 | Elf:1    | Reached XP level 19. HP: 132/132 MP: 7/37
 42883 | Elf:1    | Learned a level 2 spell: Sublimation of Blood
 42985 | Elf:1    | Reached skill level 1 in Necromancy
 43389 | Elf:2    | Found a shimmering blue altar of Sif Muna.
 43491 | Elf:3    | Entered Level 3 of the Elven Halls
 43589 | Elf:3    | Found an ancient bone altar of Kikubaaqudgha.
 43684 | Elf:2    | Found Netwuyx's Weapon Boutique.
 43800 | Elf:2    | Found a runed translucent gate.
 43801 | Elf:2    | Found a runed translucent gate.
 43801 | Elf:2    | Found a runed translucent gate.
 44001 | Abyss:2  | Cast into level 2 of the Abyss (+6 halberd of distortion)
 44094 | Abyss:2  | Noticed a bone dragon
 44157 | Abyss:2  | Reached skill level 5 in Necromancy
 44500 | Abyss:2  | Found a corrupted altar of Lugonu.
 44516 | Abyss:2  | Found a corrupted altar of Lugonu.
 44570 | Abyss:2  | Gained mutation: [You occasionally lose the ability to
                  | drink potions when taking damage.] [a neqoxec]
 44584 | Abyss:2  | Noticed a dread lich
 44669 | Abyss:2  | Noticed an Ice Fiend
 44744 | Abyss:2  | Noticed a Brimstone Fiend
 44753 | Abyss:2  | Noticed a Brimstone Fiend
 44766 | Abyss:2  | Noticed a Tzitzimitl
 44781 | Abyss:2  | HP: 4/94 [???[a dread lich] (2)]
 44785 | Abyss:2  | Demolished by a large abomination

Illustrated notes

Levels and vault maps discovered:
D:1:      minmay_arrival_wavy_path, layout_basic
D:2:      layout_loops_ring, dk_noncrumbling_4
D:3:      layout_basic, dreamdust_princess_corridor,
          nicolae_kite_square_tiling_tiny, st_stairs_14, uniq_robin
D:4:      layout_rooms
D:5:      layout_cave_pools
D:6:      layout_basic, uniq_maggie
D:7:      layout_loops_corners, tso_metal_star, minmay_temple_entry_large_hall,
          chequers_serial_rivers_micro_c
D:8:      hangedman_cross_veins, layout_loops_ring, uniq_joseph, uniq_erica,
          uniq_maurice, uniq_jeremiah
D:9:      layout_rooms, mainiacjoe_overflow_big_doors, grunt_nemelex_the_gamble,
          kennysheep_generic_room_10
D:10:     minmay_polygon_palace, layout_long_grid, kennysheep_small_circle
D:11:     layout_long_grid, due_lair_maze_entry_diamond
D:12:     layout_cross, hellmonk_ghost_happy_afterlife, hangedman_fish_farm,
          uniq_nessos, uniq_snorg
D:13:     layout_long_grid, portal_ice_cave_entry_imps, uniq_azrael
D:14:     layout_roguey, lightli_vaults_fourway_checkpoint,
          nicolae_take_the_stairs, nicolae_inconvenience_store, minmay_shop_mass
D:15:     gammafunk_depths_entry_grave, layout_stronghold,
          nicolae_dithmenos_the_darkroom
Temple:   dpeg_five_rooms_temple
Lair:1:   layout_roguey, gammafunk_ghost_ooze, beast_lair_carwin_11, uniq_grum,
          uniq_urug, uniq_nergalle
Lair:2:   layout_hall_layers, nicolae_spider_entry_orb_guardian,
          enter_volcano_4, uniq_harold
Lair:3:   layout_cave_pods, nicolae_swamp_entry_splash_gauntlet, basic_altar,
          uniq_sonja
Lair:4:   layout_roguey, nicolae_slime_entry_slimehenge,
          grunt_forest_stairs_clearing
Lair:5:   cheibrodos_lair_end_hotspot, layout_gridlike,
          kennysheep_basilisk_garden
Spider:1: layout_spider_delve, uniq_josephine
Spider:2: layout_spider_delve
Spider:3: layout_spider_delve, hellmonk_motheaten_closet, uniq_donald
Spider:4: spider_rune_water, spiders_nest_ghost_moth_duel
Orc:1:    layout_diamond_mine, gammafunk_ghost_smash, uniq_fannar
Orc:2:    hellmonk_orc_salted, layout_caves, uniq_jorgrun
Elf:1:    elf_arrival_002, layout_gridlike,
          hangedman_elven_crosses_minicolossus, uniq_agnes
Elf:2:    nicolae_elf_blades_crystal_corner, layout_onion_city, serial_shops,
          nicolae_shop_gibbet_a_chance, basic_altar,
          serial_sigils_hangedman_carve
Elf:3:    grunt_elf_hall_branching, layout_geoelf_octagon, basic_altar
Abyss:2:  base: D:10, base: Swamp:3, hangedman_abyss_feature_spike,
          hangedman_abyss_overflow_altar, hangedman_abyss_theft, base: Elf:2,
          bh_abyss_exit_choice, minivault_24

Skill      XL: |  1  2  3  4  5  6  7  8  9 10 11 12 13 14 15 16 17 18 19 |
---------------+----------------------------------------------------------+-----
Dodging        | 2 3 4 5 |  5.0
Spellcasting   | 2 3 4 5 7 8 9 10 13 14 | 14.8
Ranged Weapons | 1 2 3 4 |  4.0
Poison Magic   | 2 4 6 |  6.0
Hexes          | 1 2 3 4 |  4.0
Conjurations   | 1 3 5 6 7 8 9 12 13 14 | 14.7
Air Magic      | 1 2 4 5 6 7 9 |  9.4
Armour         | 2 3 4 5 8 9 |  9.0
Fire Magic     | 1 3 4 5 8 10 11 | 11.7
Ice Magic      | 1 3 5 6 |  6.3
Fighting       | 4 5 6 7 8 |  8.0
Stealth        | 7 8 9 |  9.0
Shields        | 2 5 8 9 11 12 | 12.7
Transmutations | 1 |  1.6
Translocations | 5 6 |  6.0
Necromancy     | 8 |  8.0
Maces & Flails | |  2.2

Action                     |  1- 3 |  4- 6 |  7- 9 | 10-12 | 13-15 | 16-18 | 19-21 || total
---------------------------+-------+-------+-------+-------+-------+-------+-------++-------
  Melee: Mace              |    34 |    66 |       |       |       |       |       ||   100
         Punch             |     1 |       |     1 |     2 |       |       |       ||     4
         Long sword        |       |    22 |   108 |   132 |    90 |     8 |       ||   360
         Hand axe          |       |       |       |       |     3 |    53 |    56 ||   112
   Fire: Shortbow          |     3 |   187 |   115 |   126 |   249 |   164 |     1 ||   845
  Throw: Dart              |       |       |     4 |    10 |     8 |       |       ||    22
         Throwing net      |       |       |       |     1 |       |     2 |     5 ||     8
   Cast: Poisonous Vapours |       |       |     4 |       |     1 |       |       ||     5
         Olgreb's Toxic Ra |       |       |    23 |    65 |    86 |   133 |     7 ||   314
         Freezing Cloud    |       |       |       |    59 |   178 |   150 |    27 ||   414
         Magic Dart        |       |       |       |     1 |       |       |       ||     1
         Ignite Poison     |       |       |       |       |    59 |   153 |     7 ||   219
         Orb of Destructio |       |       |       |       |     2 |    65 |    19 ||    86
         Conjure Ball Ligh |       |       |       |       |       |   136 |    14 ||   150
         Plasma Beam       |       |       |       |       |       |     9 |     1 ||    10
         Iskenderun's Myst |       |       |       |       |       |     7 |    16 ||    23
         Sublimation of Bl |       |       |       |       |       |       |    23 ||    23
         Sticky Flame      |       |       |       |       |       |       |     3 ||     3
Ability: Shaft Self        |     1 |     2 |     1 |       |     1 |     4 |       ||     9
         Dig               |       |     1 |     1 |       |       |     8 |    11 ||    21
  Evoke: Wand              |       |     1 |    22 |       |    10 |     3 |     4 ||    40
    Use: Scroll            |       |     5 |     6 |     6 |     3 |     5 |    11 ||    36
         Potion            |       |     2 |     2 |     4 |     1 |       |    16 ||    25
   Stab: Sleeping          |       |     3 |       |       |       |       |       ||     3
         Invisible         |       |       |       |     1 |       |       |       ||     1
         Betrayed ally     |       |       |       |       |       |     2 |       ||     2
 Armour: Leather armour    |    17 |    53 |    88 |    36 |   146 |   347 |   102 ||   789
         Robe              |       |       |       |    56 |       |     5 |     2 ||    63
  Dodge: Dodged            |    33 |   134 |   137 |   143 |   148 |   188 |    52 ||   835
         Repelled          |       |       |       |     2 |     8 |    17 |     2 ||    29
  Block: Other             |       |     5 |    25 |    13 |       |       |       ||    43
         Orb               |       |       |       |    22 |    33 |    15 |       ||    70
         Tower shield      |       |       |       |       |       |   211 |   194 ||   405
         Reflection        |       |       |       |       |       |       |     6 ||     6

Table legend: (Time is in decaauts)
 A = Elapsed time spent in this place.
 B = Non-inter-level travel time spent in this place.
 C = Inter-level travel time spent in this place.
 D = Time resting spent in this place.
 E = Time spent auto-exploring this place.
 F = Levels seen in this place.
 G = Mean time per level.
                   A        B        C        D        E       F      G
               +--------+--------+--------+--------+--------+-----+--------+
         Total |  45193 |  42042 |   3151 |  13355 |  15786 |  32 | 1412.3 |
       Dungeon |  22386 |  20829 |   1557 |   5246 |  10011 |  15 | 1492.4 |
        Temple |     72 |      1 |     71 |      0 |      0 |   1 |   72.0 |
          Lair |   8619 |   7888 |    731 |   2446 |   3289 |   5 | 1723.8 |
   Spider Nest |   5851 |   5521 |    330 |   2584 |   1009 |   4 | 1462.8 |
  Orcish Mines |   3381 |   2995 |    386 |   1137 |    735 |   2 | 1690.5 |
   Elven Halls |   2447 |   2373 |     74 |   1074 |    734 |   3 |  815.7 |
         Abyss |    807 |    807 |      0 |     45 |      0 |   1 |  807.0 |
      Ice Cave |   1627 |   1627 |      0 |    822 |      8 |   1 | 1627.0 |
               +--------+--------+--------+--------+--------+-----+--------+

Top non-repeatable levels by time:
     D:8: 3341 daAuts
    D:11: 2450 daAuts
  Lair:5: 2308 daAuts
Spider:2: 2058 daAuts
Spider:1: 1828 daAuts
   Orc:2: 1821 daAuts
    D:15: 1781 daAuts
   Elf:1: 1767 daAuts
  Lair:1: 1757 daAuts
    D:14: 1717 daAuts
     D:7: 1713 daAuts
  Lair:3: 1684 daAuts
   IceCv: 1627 daAuts
   Orc:1: 1559 daAuts
     D:4: 1467 daAuts
